 Dungeon Crawl Stone Soup version 0.31-a0-166-g46f44d267d (webtiles) character file.

Game seed: 5468481517275481048

8511 qw the Skirmisher (level 11, -5/103 HPs)
             Began as a Naga Hunter on June 13, 2023.
             Was a High Priest of Okawaru.
             Killed by divine providence
             ... invoked by an orc priest
              (12 damage)
             ... on level 9 of the Dungeon.
             The game lasted 00:04:34 (9634 turns).

qw the Skirmisher (Naga Hunter)                     Turns: 9634, Time: 00:04:34

Health: -5/103     AC: 14    Str: 13    XL:     11   Next: 32%
Magic:  14/16      EV: 20    Int: 11    God:    Okawaru [*****.]
Gold:   376        SH:  0    Dex: 20    Spells: 10/10 levels left

rFire   . . .        c - +0 orcbow
rCold   . . .        (shield currently unavailable)
rNeg    . . .        d - +0 troll leather armour
rPois   +            j - +0 helmet
rElec   .            (no cloak)
rCorr   .            g - +1 pair of gloves
SInv    +            (no barding)
Will    +....        i - amulet of faith
Stlth   +++          o - ring of Winter {AC+4 Int+2}
HPRegen 1.17/turn    l - +5 ring of evasion
MPRegen 0.15/turn

%: faith
@: mighty, lethally poisoned (-5 -> -6), short of breath, heroic, very slow
A: AC +3, large, see invisible, deformed body, poison resistance, slowness 2,
spit poison 1, naga tail 1
a: Spit Poison, Renounce Religion, Heroism, Finesse, Duel


You were on level 9 of the Dungeon.
You worshipped Okawaru.
Okawaru was extremely pleased with you.
You visited 2 branches of the dungeon, and saw 10 of its levels.

You collected 738 gold pieces.
You spent 362 gold pieces at shops.


Innate Abilities, Weirdness & Mutations

Your serpentine skin is tough. (AC +3)
You have supernaturally acute eyesight. (SInv)
Armour fits poorly on your strangely shaped body.
Your system is resistant to poisons. (rPois)
You cover ground very slowly.
You can spit poison.
You have a snake-like lower body.


   Skills:
 - Level 8.0(13.0) Fighting
 + Level 12.1(17.1) Ranged Weapons
 - Level 2.0(7.0) Armour
 - Level 4.0(9.0) Dodging
 - Level 1.5(6.5) Stealth
 + Level 7.9 Invocations


You had 10 spell levels left.
You didn't know any spells.
Your spell library was empty.

Inventory:

Hand Weapons
 c - a +0 orcbow (weapon)
Armour
 d - a +0 troll leather armour (worn)
 g - a +1 pair of gloves (worn)
 j - a +0 helmet (worn)
Jewellery
 h - a ring of protection from fire
 i - an amulet of faith (around neck)
 l - a +5 ring of evasion (right hand)
 o - the ring of Winter (left hand) {AC+4 Int+2}
   (You found it on level 6 of the Dungeon)

   [ring of protection]

   AC:        It affects your AC (+4).
   Int:       It affects your intelligence (+2).
Scrolls
 a - 9 scrolls of identify
Potions
 b - a potion of might
 e - 2 potions of mutation
 f - a potion of haste
 k - a potion of cancellation
 m - 3 potions of curing
 n - a potion of magic

Dungeon Overview and Level Annotations

Branches:
Dungeon (9/15)             Temple (1/1) D:4             Orc (0/2) D:9
   Lair: D:8-11

Altars:
Ashenzari
Cheibriados
Dithmenos
Elyvilon
Fedhas
Gozag
Hepliaklqana
Kikubaaqudgha
Makhleb
Nemelex Xobeh
Okawaru
Qazlal
Ru
Sif Muna
Trog
Uskayaw
Vehumet
Wu Jian
Xom
Yredelemnul
Zin
The Shining One

Shops:
D:2 [*[[   D:3 [   D:6 **

Annotations:
D:3 3 runed translucent doors, qw's ghost, amateur GrHu
D:8 1 runed translucent door


Message History

The killer bee misses you. The wyvern closely misses you.
The killer bee misses you.
The orc priest mumbles some strange prayers to Beogh against you.
Beogh smites you! The orc warrior misses you. The killer bee misses you.
You shoot an arrow.
The arrow barely misses the orc warrior.
The wyvern barely misses you. The killer bee misses you. x2
You shoot an arrow.
The arrow hits the orc warrior but does no damage.
You feel like a meek peon again. The killer bee misses you.
The killer bee stings you. The wyvern barely misses you.
The orc warrior hits you but does no damage.
The orc priest misses you. The killer bee closely misses you.
The killer bee stings you but does no damage.
The wyvern completely misses you.
9632 ||| INVOKING Heroism.
You gain the combat prowess of a mighty hero.
You have got your breath back.
The killer bee completely misses you. The killer bee misses you.
The orc priest casts a cantrip, but nothing happens.
The orc warrior hits you but does no damage.
The wyvern completely misses you.
The killer bee completely misses you. x2
9633 ||| INVOKING Spit Poison.
Aiming: Spit Poison (1% risk of failure)
Press: ? - help, Shift-Dir - straight line, f/p - orc warrior The splash of poison misses the orc warrior.
The killer bee barely misses you. x2; The wyvern bites you.
The orc priest closely misses you. The orc warrior completely misses you.
The killer bee completely misses you. The killer bee stings you.
You are poisoned.
The killer bee poisons you! The wyvern barely misses you.
You shoot an arrow.
The arrow closely misses the orc warrior.
You feel sick.
The killer bee stings you but does no damage.
The killer bee completely misses you.
The orc priest invokes the aid of Beogh against you.
Beogh smites you!
You die...

...........#
..##........#
F###........#
###.........#
##..........#
.......o....#
......yyo...#
#....l@# #....)o#
#......# #......#
#......#
######'###......#####
#...........#'##....#
#...........#..#....#
#...........#..#....#


You could see an orc warrior, a wyvern, a bullfrog, 2 killer bees, an orc priest
and an orc.

Vanquished Creatures
  Pikel (D:7)
  Joseph (D:8)
  Maggie (D:8)
  A troll (D:8)
  A hornet (D:7)
  Prince Ribbit (D:8)
  2 shadows
  2 wyverns (D:9)
  4 wraiths (D:8)
  9 fire bats (D:8)
  A steam dragon (D:8)
  An acid dragon (D:8)
  3 water moccasins
  Duvessa (D:7)
  4 orc warriors
  2 ice beasts
  A sky beast (D:8)
  An ogre (D:3)
  A lemure (D:7)
  2 phantoms
  2 kobold brigands
  Blork the orc (D:5)
  2 bullfrogs
  A gnoll sergeant (D:8)
  A scorpion (D:4)
  18 wights
  Dowan (D:7)
  5 killer bees
  4 howler monkeys
  5 hounds
  2 jellies
  4 orc priests
  A sleepcap (D:6)
  4 iguanas
  7 orc wizards
  11 gnolls
  15 adders
  2 shadow imps
  2 white imps (D:6)
  4 ufetubi
  A worm (D:3)
  2 dart slugs
  38 orcs
  14 ball pythons
  6 endoplasms
  5 giant cockroaches
  5 goblins
  6 hobgoblins
  5 jackals
  11 kobolds
  5 quokkas
  73 bats
  5 frilled lizards
  A rat (D:3)
309 creatures vanquished.

Notes
Turn   | Place    | Note
-------+----------+-------------------------------------------
     0 | D:1      | qw the Naga Hunter began the quest for the Orb.
     0 | D:1      | Reached XP level 1. HP: 19/19 MP: 1/1
     0 | D:1      | 0 ||| qw: Version: 0.2-a-29-gc1b59c4
     0 | D:1      | 0 ||| qw: Game counter: 4850
     0 | D:1      | 0 ||| qw: Always use a shield: true
     0 | D:1      | 0 ||| qw: God list: Okawaru
     0 | D:1      | 0 ||| qw: Allow faded altars: false
     0 | D:1      | 0 ||| qw: Do Orc after D:15 true
     0 | D:1      | 0 ||| qw: Do second Lair branch before Depths: true
     0 | D:1      | 0 ||| qw: Lair rune preference: random
     0 | D:1      | 0 ||| qw: Plans: Normal
     0 | D:1      | 0 ||| PLANNING D:1-11
    22 | D:1      | 22 ||| INVOKING Spit Poison.
    30 | D:1      | 30 ||| INVOKING Spit Poison.
    54 | D:1      | Reached skill level 4 in Ranged Weapons
    54 | D:1      | Reached XP level 2. HP: 26/26 MP: 2/2
    59 | D:1      | 59 ||| INVOKING Spit Poison.
   164 | D:1      | 164 ||| INVOKING Spit Poison.
   243 | D:1      | 243 ||| INVOKING Spit Poison.
   267 | D:1      | 267 ||| INVOKING Spit Poison.
   272 | D:1      | 272 ||| INVOKING Spit Poison.
   662 | D:1      | 662 ||| UPGRADING to amulet of guardian spirit.
   667 | D:1      | 667 ||| UPGRADING to ring of willpower.
   668 | D:1      | 668 ||| UPGRADING to +5 ring of evasion.
   669 | D:1      | 669 ||| READING scroll labelled ZOUNAM KIF AKATUG.
   670 | D:1      | 670 ||| READING scroll labelled SALISO XOIMOBO.
   671 | D:1      | 671 ||| READING scroll labelled KAMOCO LIPIUK.
   672 | D:1      | 672 ||| READING scroll labelled JEUC DUONUDIRRYMP.
   673 | D:1      | 673 ||| READING scroll labelled TIEDUNUXZOE.
   674 | D:1      | 674 ||| DROPPING scroll of butterflies.
   735 | D:2      | 735 ||| INVOKING Spit Poison.
   736 | D:2      | Reached XP level 3. HP: 32/32 MP: 3/3
   751 | D:2      | Found Xafopsot's General Store.
   754 | D:2      | 754 ||| INVOKING Spit Poison.
   770 | D:2      | 770 ||| SHOPLISTING 2 potions of cancellation (224 gold,
                  | have 55).
   770 | D:2      | 770 ||| BUYING scroll of identify (28 gold).
   770 | D:2      | Bought a scroll of identify for 28 gold pieces
   770 | D:2      | 770 ||| SHOPLISTING scroll of identify (28 gold, have 27).
   775 | D:2      | 775 ||| INVOKING Spit Poison.
   805 | D:2      | 805 ||| INVOKING Spit Poison.
   808 | D:2      | Found Beaptah's Antique Armour Shop.
   813 | D:2      | 813 ||| SHOPLISTING dyed leather armour (100 gold, have
                  | 38).
   813 | D:2      | 813 ||| SHOPLISTING embroidered scarf (160 gold, have 38).
   813 | D:2      | 813 ||| SHOPLISTING runed robe (74 gold, have 38).
   814 | D:2      | Found Imuhoeg's Antique Armour Emporium.
   820 | D:2      | 820 ||| SHOPLISTING dyed leather armour (100 gold, have
                  | 38).
   820 | D:2      | 820 ||| SHOPLISTING runed helmet (150 gold, have 38).
   944 | D:2      | 944 ||| INVOKING Spit Poison.
   949 | D:2      | Reached skill level 5 in Ranged Weapons
   949 | D:2      | Reached XP level 4. HP: 39/39 MP: 4/4
   959 | D:2      | Found a sparkling altar of Nemelex Xobeh.
   970 | D:2      | 970 ||| INVOKING Spit Poison.
  1060 | D:2      | 1060 ||| INVOKING Spit Poison.
  1070 | D:2      | 1070 ||| INVOKING Spit Poison.
  1105 | D:2      | 1105 ||| INVOKING Spit Poison.
  1135 | D:2      | 1135 ||| INVOKING Spit Poison.
  1158 | D:2      | 1158 ||| INVOKING Spit Poison.
  1182 | D:2      | Found Jomosom's Antique Armour Shop.
  1190 | D:2      | 1190 ||| SHOPLISTING glowing leather armour (120 gold, have
                  | 97).
  1210 | D:2      | 1210 ||| INVOKING Spit Poison.
  1213 | D:2      | 1213 ||| INVOKING Spit Poison.
  1220 | D:2      | 1220 ||| INVOKING Spit Poison.
  1230 | D:2      | 1230 ||| INVOKING Spit Poison.
  1245 | D:2      | 1245 ||| INVOKING Spit Poison.
  1249 | D:2      | Reached skill level 3 in Fighting
  1252 | D:2      | 1252 ||| INVOKING Spit Poison.
  1260 | D:2      | 1260 ||| INVOKING Spit Poison.
  1274 | D:2      | 1274 ||| INVOKING Spit Poison.
  1322 | D:2      | 1322 ||| INVOKING Spit Poison.
  1331 | D:2      | 1331 ||| INVOKING Spit Poison.
  1337 | D:2      | 1337 ||| INVOKING Spit Poison.
  1342 | D:2      | Reached XP level 5. HP: 49/49 MP: 5/5
  1516 | D:2      | 1516 ||| UPGRADING to ring of protection from fire.
  1518 | D:2      | 1518 ||| DRINKING 2 lumpy cyan potions.
  1524 | D:2      | 1524 ||| READING 4 scrolls of identify.
  1524 | D:2      | 1524 ||| IDENTIFYING orange potion
  1525 | D:2      | 1525 ||| READING 3 scrolls of identify.
  1525 | D:2      | 1525 ||| IDENTIFYING ruby potion
  1526 | D:2      | 1526 ||| READING 2 scrolls of identify.
  1526 | D:2      | 1526 ||| IDENTIFYING puce potion
  1527 | D:2      | 1527 ||| DROPPING potion of brilliance.
  1528 | D:2      | 1528 ||| DROPPING potion of ambrosia.
  1529 | D:2      | 1529 ||| DROPPING potion of attraction.
  1571 | D:3      | Found a glowing silver altar of Zin.
  1577 | D:3      | Found an ancient bone altar of Kikubaaqudgha.
  1657 | D:3      | 1657 ||| INVOKING Spit Poison.
  1687 | D:3      | 1687 ||| INVOKING Spit Poison.
  1689 | D:3      | Found a shimmering altar of Xom.
  1798 | D:3      | 1798 ||| INVOKING Spit Poison.
  1800 | D:3      | Found a shimmering blue altar of Sif Muna.
  1800 | D:3      | Found a radiant altar of Vehumet.
  1802 | D:3      | 1802 ||| DRINKING 2 coppery potions.
  1803 | D:3      | 1803 ||| READING 3 scrolls of identify.
  1803 | D:3      | 1803 ||| IDENTIFYING golden potion
  1804 | D:3      | 1804 ||| DROPPING potion of enlightenment.
  1810 | D:3      | 1810 ||| INVOKING Spit Poison.
  1819 | D:3      | 1819 ||| INVOKING Spit Poison.
  1824 | D:3      | 1824 ||| INVOKING Spit Poison.
  1853 | D:3      | 1853 ||| INVOKING Spit Poison.
  1877 | D:3      | Found a glowing golden altar of the Shining One.
  1918 | D:3      | Found Kufomaric's Armour Boutique.
  1926 | D:3      | 1926 ||| SHOPLISTING +0 mask of the Dragon {Will+ Slay+3
                  | SInv} (400 gold, have 160).
  1926 | D:3      | 1926 ||| BUYING +0 pair of gloves (54 gold).
  1926 | D:3      | Bought a +0 pair of gloves for 54 gold pieces
  1926 | D:3      | 1926 ||| SHOPLISTING +2 helmet of Bietakon {*Slow rF+ Will+
                  | Dex+3} (417 gold, have 106).
  1949 | D:3      | 1949 ||| UPGRADING to +0 pair of gloves.
  1970 | D:3      | 1970 ||| INVOKING Spit Poison.
  1975 | D:3      | 1975 ||| INVOKING Spit Poison.
  2144 | D:3      | Found a runed translucent gate.
  2145 | D:3      | Found a runed translucent gate.
  2145 | D:3      | Found a runed translucent gate.
  2145 | D:3      | Noticed qw's ghost (amateur GrHu)
  2145 | D:3      | Noticed a kobold brigand
  2154 | D:3      | 2154 ||| UPGRADING to amulet of faith.
  2164 | D:3      | 2164 ||| DROPPING amulet of guardian spirit.
  2165 | D:3      | 2165 ||| READING scroll labelled CIAJEO ILUSUNA.
  2166 | D:3      | 2166 ||| READING 2 scrolls of identify.
  2166 | D:3      | 2166 ||| IDENTIFYING black potion
  2167 | D:3      | 2167 ||| DROPPING potion of lignification.
  2199 | D:4      | 2199 ||| INVOKING Spit Poison.
  2201 | D:4      | 2201 ||| STAIRDANCE
  2310 | D:4      | Noticed an ogre
  2311 | D:4      | 2311 ||| INVOKING Spit Poison.
  2312 | D:4      | 2312 ||| STAIRDANCE
  2315 | D:3      | 2315 ||| INVOKING Spit Poison.
  2320 | D:3      | 2320 ||| INVOKING Spit Poison.
  2321 | D:3      | Killed an ogre
  2322 | D:3      | Reached skill level 6 in Ranged Weapons
  2322 | D:3      | Reached XP level 6. HP: 23/56 MP: 6/6
  2493 | D:4      | 2493 ||| STAIRDANCE
  2495 | D:3      | 2495 ||| INVOKING Spit Poison.
  2499 | D:3      | 2499 ||| INVOKING Spit Poison.
  2615 | D:4      | 2615 ||| INVOKING Spit Poison.
  2618 | D:4      | 2618 ||| STAIRDANCE
  2717 | D:4      | 2717 ||| INVOKING Spit Poison.
  2722 | D:4      | 2722 ||| INVOKING Spit Poison.
  2723 | D:4      | 2723 ||| STAIRDANCE
  2838 | D:4      | 2838 ||| INVOKING Spit Poison.
  2843 | D:4      | 2843 ||| STAIRDANCE
  2943 | D:4      | 2943 ||| INVOKING Spit Poison.
  2949 | D:4      | 2949 ||| INVOKING Spit Poison.
  2996 | D:4      | 2996 ||| INVOKING Spit Poison.
  2999 | D:4      | 2999 ||| INVOKING Spit Poison.
  3008 | D:4      | 3008 ||| INVOKING Spit Poison.
  3026 | D:4      | 3026 ||| INVOKING Spit Poison.
  3063 | D:4      | 3063 ||| INVOKING Spit Poison.
  3082 | D:4      | 3082 ||| INVOKING Spit Poison.
  3144 | D:4      | Found a staircase to the Ecumenical Temple.
  3145 | D:4      | 3145 ||| PLANNING TEMPLE
  3145 | D:4      | 3145 ||| UPGRADING to +1 pair of gloves.
  3155 | D:4      | 3155 ||| DROPPING +0 pair of gloves.
  3164 | D:4      | 3164 ||| INVOKING Spit Poison.
  3168 | Temple   | Entered the Ecumenical Temple
  3212 | Temple   | 3212 ||| PLANNING OKAWARU WORSHIP
  3229 | Temple   | Became a worshipper of Warmaster Okawaru
  3229 | Temple   | 3229 ||| PLANNING D:1-11
  3301 | D:4      | 3301 ||| INVOKING Spit Poison.
  3302 | D:4      | Reached XP level 7. HP: 66/66 MP: 7/7
  3418 | D:5      | Entered Level 5 of the Dungeon
  3420 | D:5      | 3420 ||| INVOKING Spit Poison.
  3426 | D:5      | 3426 ||| INVOKING Spit Poison.
  3429 | D:5      | 3429 ||| INVOKING Spit Poison.
  3432 | D:5      | 3432 ||| INVOKING Spit Poison.
  3467 | D:5      | 3467 ||| INVOKING Spit Poison.
  3472 | D:5      | 3472 ||| INVOKING Spit Poison.
  3581 | D:5      | 3581 ||| INVOKING Spit Poison.
  3599 | D:5      | 3599 ||| INVOKING Spit Poison.
  3612 | D:5      | Noticed Blork the orc
  3613 | D:5      | 3613 ||| INVOKING Spit Poison.
  3619 | D:5      | 3619 ||| INVOKING Spit Poison.
  3622 | D:5      | Killed Blork the orc
  3693 | D:5      | 3693 ||| INVOKING Spit Poison.
  3747 | D:5      | 3747 ||| INVOKING Spit Poison.
  3794 | D:5      | 3794 ||| READING scroll labelled WIVULYT DETO.
  3897 | D:5      | 3897 ||| READING scroll labelled CICROE UTHRAO.
  3898 | D:5      | 3898 ||| READING scroll labelled UDAEBOMICO.
  3899 | D:5      | 3899 ||| DRINKING 2 viscous green potions.
  3900 | D:5      | 3900 ||| DRINKING 2 fuming yellow potions.
  3901 | D:5      | 3901 ||| READING 2 scrolls of identify.
  3901 | D:5      | 3901 ||| IDENTIFYING yellow potion
  3902 | D:5      | 3902 ||| DROPPING potion of degeneration.
  3946 | D:6      | Reached skill level 7 in Ranged Weapons
  4003 | D:6      | 4003 ||| INVOKING Spit Poison.
  4030 | D:6      | 4030 ||| INVOKING Spit Poison.
  4183 | D:6      | 4183 ||| STAIRDANCE
  4370 | D:5      | 4370 ||| INVOKING Spit Poison.
  4403 | D:5      | Found a hazy altar of Hepliaklqana.
  4432 | D:5      | 4432 ||| INVOKING Spit Poison.
  4435 | D:5      | 4435 ||| INVOKING Spit Poison.
  4439 | D:5      | 4439 ||| INVOKING Spit Poison.
  4636 | D:6      | 4636 ||| Stepping ~*~*~tactically~*~*~ (outnumbered).
  4653 | D:6      | 4653 ||| INVOKING Spit Poison.
  4776 | D:6      | 4776 ||| INVOKING Spit Poison.
  4783 | D:6      | 4783 ||| INVOKING Spit Poison.
  4821 | D:6      | Reached * piety under Okawaru
  4822 | D:6      | Reached XP level 8. HP: 73/73 MP: 8/8
  4928 | D:6      | Found Ykhiraud's General Store.
  4932 | D:6      | Found Vuufroe's Specific Store.
  4938 | D:6      | 4938 ||| BUYING +0 helmet (63 gold).
  4938 | D:6      | Bought a +0 helmet for 63 gold pieces
  4938 | D:6      | 4938 ||| BUYING potion of cancellation (112 gold).
  4938 | D:6      | Bought a potion of cancellation for 112 gold pieces
  4938 | D:6      | 4938 ||| BUYING scroll of enchant weapon (105 gold).
  4938 | D:6      | Bought a scroll of enchant weapon for 105 gold pieces
  4938 | D:6      | 4938 ||| READING scroll of enchant weapon.
  4938 | D:6      | 4938 ||| ENCHANTING +0 shortbow of draining.
  4972 | D:6      | 4972 ||| INVOKING Spit Poison.
  4975 | D:6      | Reached skill level 8 in Ranged Weapons
  4976 | D:6      | 4976 ||| INVOKING Spit Poison.
  4979 | D:6      | 4979 ||| INVOKING Spit Poison.
  4983 | D:6      | 4983 ||| INVOKING Spit Poison.
  4985 | D:6      | Reached skill level 1 in Invocations
  5035 | D:6      | 5035 ||| UPGRADING to +0 helmet.
  5054 | D:6      | Reached skill level 1 in Armour
  5136 | D:6      | 5136 ||| INVOKING Heroism.
  5161 | D:6      | 5161 ||| READING scroll of enchant weapon.
  5161 | D:6      | 5161 ||| ENCHANTING +1 shortbow of draining.
  5330 | D:6      | Identified the ring of Winter {AC+4 Int+2}
  5367 | D:6      | 5367 ||| INVOKING Spit Poison.
  5372 | D:6      | 5372 ||| INVOKING Spit Poison.
  5422 | D:6      | 5422 ||| INVOKING Spit Poison.
  5423 | D:6      | 5423 ||| INVOKING Spit Poison.
  5518 | D:6      | 5518 ||| DROPPING ring of willpower.
  5519 | D:6      | 5519 ||| UPGRADING to ring of Winter {AC+4 Int+2}.
  5521 | D:6      | 5521 ||| DRINKING 2 fizzy coppery potions.
  5526 | D:6      | 5526 ||| STAIRDANCE
  5628 | D:5      | 5628 ||| DROPPING potion of berserk rage.
  5720 | D:7      | Reached skill level 3 in Invocations
  5724 | D:7      | 5724 ||| INVOKING Heroism.
  5962 | D:7      | Reached ** piety under Okawaru
  5970 | D:7      | 5970 ||| INVOKING Spit Poison.
  5991 | D:7      | 5991 ||| INVOKING Spit Poison.
  5994 | D:7      | 5994 ||| INVOKING Spit Poison.
  5997 | D:7      | Reached skill level 9 in Ranged Weapons
  5997 | D:7      | Reached XP level 9. HP: 78/81 MP: 12/12
  6024 | D:7      | 6024 ||| INVOKING Spit Poison.
  6029 | D:7      | 6029 ||| INVOKING Spit Poison.
  6029 | D:7      | Noticed Pikel
  6030 | D:7      | 6030 ||| INVOKING Heroism.
  6038 | D:7      | 6038 ||| INVOKING Spit Poison.
  6038 | D:7      | Killed Pikel
  6067 | D:7      | Noticed Duvessa
  6068 | D:7      | 6068 ||| INVOKING Heroism.
  6071 | D:7      | 6071 ||| INVOKING Spit Poison.
  6073 | D:7      | Noticed Dowan
  6075 | D:7      | 6075 ||| INVOKING Spit Poison.
  6076 | D:7      | Killed Duvessa
  6079 | D:7      | Killed Dowan
  6138 | D:7      | Noticed a hornet
  6139 | D:7      | 6139 ||| INVOKING Spit Poison.
  6144 | D:7      | 6144 ||| INVOKING Spit Poison.
  6146 | D:7      | 6146 ||| INVOKING Heroism.
  6147 | D:7      | Paralysed by a hornet for 1 turns
  6149 | D:7      | 6149 ||| INVOKING Spit Poison.
  6150 | D:7      | Killed a hornet
  6150 | D:7      | Reached *** piety under Okawaru
  6151 | D:7      | Reached skill level 6 in Fighting
  6341 | D:7      | 6341 ||| INVOKING Heroism.
  6342 | D:7      | 6342 ||| INVOKING Spit Poison.
  6352 | D:7      | 6352 ||| INVOKING Spit Poison.
  6439 | D:7      | 6439 ||| INVOKING Spit Poison.
  6496 | D:7      | 6496 ||| INVOKING Spit Poison.
  6505 | D:7      | Found a shadowy altar of Dithmenos.
  6636 | D:7      | 6636 ||| INVOKING Heroism.
  6723 | D:7      | 6723 ||| INVOKING Heroism.
  6753 | D:8      | 6753 ||| INVOKING Heroism.
  6754 | D:8      | 6754 ||| INVOKING Spit Poison.
  6761 | D:8      | 6761 ||| INVOKING Spit Poison.
  6771 | D:8      | 6771 ||| INVOKING Spit Poison.
  6777 | D:8      | 6777 ||| STAIRDANCE
  6860 | D:8      | 6860 ||| INVOKING Spit Poison.
  6863 | D:8      | 6863 ||| STAIRDANCE
  6867 | D:7      | 6867 ||| INVOKING Spit Poison.
  6870 | D:7      | Reached skill level 10 in Ranged Weapons
  6921 | D:8      | 6921 ||| INVOKING Spit Poison.
  6924 | D:8      | 6924 ||| STAIRDANCE
  6964 | D:8      | 6964 ||| STAIRDANCE
  6998 | D:8      | 6998 ||| INVOKING Spit Poison.
  7018 | D:8      | 7018 ||| INVOKING Heroism.
  7019 | D:8      | 7019 ||| Stepping ~*~*~tactically~*~*~ (outnumbered).
  7020 | D:8      | 7020 ||| INVOKING Spit Poison.
  7032 | D:8      | 7032 ||| INVOKING Spit Poison.
  7032 | D:8      | Noticed a troll
  7040 | D:8      | 7040 ||| INVOKING Spit Poison.
  7040 | D:8      | HP: 19/86 [troll (3)]
  7041 | D:8      | 7041 ||| DRINKING 2 potions of heal wounds.
  7042 | D:8      | 7042 ||| INVOKING Heroism.
  7043 | D:8      | 7043 ||| INVOKING Spit Poison.
  7044 | D:8      | 7044 ||| DRINKING potion of heal wounds.
  7045 | D:8      | HP: 17/86 [troll (3)]
  7045 | D:8      | HP: 6/86 [kobold brigand/+0 dagger (5)]
  7048 | D:8      | 7048 ||| INVOKING Spit Poison.
  7053 | D:8      | Killed a troll
  7054 | D:8      | Reached XP level 10. HP: 6/94 MP: 11/13
  7055 | D:8      | 7055 ||| INVOKING Spit Poison.
  7060 | D:8      | 7060 ||| INVOKING Spit Poison.
  7066 | D:8      | HP: 4/94 [orc/+0 hand axe (6)]
  7068 | D:8      | 7068 ||| INVOKING Spit Poison.
  7069 | D:8      | 7069 ||| INVOKING Heroism.
  7361 | D:8      | Noticed Prince Ribbit
  7362 | D:8      | 7362 ||| INVOKING Spit Poison.
  7364 | D:8      | Killed Prince Ribbit
  7386 | D:8      | 7386 ||| INVOKING Spit Poison.
  7392 | D:8      | 7392 ||| INVOKING Spit Poison.
  7487 | D:8      | Reached skill level 11 in Ranged Weapons
  7565 | D:8      | Noticed Maggie
  7566 | D:8      | 7566 ||| INVOKING Spit Poison.
  7574 | D:8      | 7574 ||| INVOKING Spit Poison.
  7582 | D:8      | 7582 ||| INVOKING Heroism.
  7583 | D:8      | 7583 ||| INVOKING Spit Poison.
  7584 | D:8      | Killed Maggie
  7821 | D:8      | Found a runed translucent door.
  7824 | D:8      | 7824 ||| INVOKING Spit Poison.
  7831 | D:8      | 7831 ||| INVOKING Spit Poison.
  7841 | D:8      | Reached **** piety under Okawaru
  7963 | D:8      | Found a snail-covered altar of Cheibriados.
  7964 | D:8      | 7964 ||| INVOKING Spit Poison.
  7970 | D:8      | 7970 ||| INVOKING Spit Poison.
  7980 | D:8      | Found a glowing silver altar of Zin.
  7981 | D:8      | 7981 ||| INVOKING Spit Poison.
  7986 | D:8      | 7986 ||| INVOKING Spit Poison.
  7991 | D:8      | 7991 ||| INVOKING Spit Poison.
  8004 | D:8      | Found an opulent altar of Gozag.
  8005 | D:8      | 8005 ||| INVOKING Spit Poison.
  8013 | D:8      | 8013 ||| INVOKING Spit Poison.
  8021 | D:8      | 8021 ||| INVOKING Spit Poison.
  8024 | D:8      | Found a shimmering blue altar of Sif Muna.
  8029 | D:8      | 8029 ||| INVOKING Spit Poison.
  8035 | D:8      | 8035 ||| INVOKING Spit Poison.
  8042 | D:8      | 8042 ||| INVOKING Spit Poison.
  8151 | D:8      | 8151 ||| INVOKING Spit Poison.
  8155 | D:8      | 8155 ||| INVOKING Spit Poison.
  8160 | D:8      | 8160 ||| INVOKING Spit Poison.
  8166 | D:8      | 8166 ||| INVOKING Spit Poison.
  8169 | D:8      | 8169 ||| Stepping ~*~*~tactically~*~*~ (outnumbered).
  8172 | D:8      | 8172 ||| INVOKING Spit Poison.
  8248 | D:8      | Found a shimmering altar of Xom.
  8249 | D:8      | 8249 ||| INVOKING Spit Poison.
  8254 | D:8      | 8254 ||| INVOKING Spit Poison.
  8262 | D:8      | 8262 ||| INVOKING Spit Poison.
  8268 | D:8      | 8268 ||| INVOKING Spit Poison.
  8268 | D:8      | Reached ***** piety under Okawaru
  8272 | D:8      | 8272 ||| INVOKING Spit Poison.
  8324 | D:8      | Found a sacrificial altar of Ru.
  8325 | D:8      | 8325 ||| INVOKING Spit Poison.
  8332 | D:8      | 8332 ||| INVOKING Spit Poison.
  8349 | D:8      | 8349 ||| INVOKING Spit Poison.
  8354 | D:8      | 8354 ||| INVOKING Spit Poison.
  8358 | D:8      | Reached skill level 6 in Invocations
  8358 | D:8      | 8358 ||| INVOKING Spit Poison.
  8364 | D:8      | 8364 ||| INVOKING Spit Poison.
  8370 | D:8      | 8370 ||| INVOKING Spit Poison.
  8445 | D:8      | Reached XP level 11. HP: 103/103 MP: 15/15
  8532 | D:8      | 8532 ||| INVOKING Spit Poison.
  8537 | D:8      | 8537 ||| INVOKING Spit Poison.
  8612 | D:8      | Found a stormy altar of Qazlal.
  8651 | D:8      | Noticed Joseph
  8661 | D:8      | Killed Joseph
  8781 | D:8      | 8781 ||| INVOKING Spit Poison.
  8876 | D:8      | Noticed a flayed ghost
  8880 | D:8      | 8880 ||| UPGRADING to +0 troll leather armour.
  8890 | D:8      | 8890 ||| DROPPING +0 leather armour.
  8891 | D:8      | 8891 ||| READING scroll labelled OJUPTE FEHE.
  8895 | D:8      | 8895 ||| READING 9 scrolls of identify.
  8895 | D:8      | 8895 ||| IDENTIFYING fizzy ruby potion
  9187 | D:9      | 9187 ||| INVOKING Spit Poison.
  9279 | D:9      | 9279 ||| Stepping ~*~*~tactically~*~*~ (outnumbered).
  9281 | D:9      | 9281 ||| INVOKING Heroism.
  9282 | D:9      | 9282 ||| Stepping ~*~*~tactically~*~*~ (outnumbered).
  9284 | D:9      | 9284 ||| Stepping ~*~*~tactically~*~*~ (outnumbered).
  9285 | D:9      | 9285 ||| INVOKING Spit Poison.
  9286 | D:9      | 9286 ||| Stepping ~*~*~tactically~*~*~ (outnumbered).
  9290 | D:9      | 9290 ||| INVOKING Spit Poison.
  9296 | D:9      | 9296 ||| INVOKING Heroism.
  9297 | D:9      | 9297 ||| INVOKING Spit Poison.
  9334 | D:9      | 9334 ||| SWAPPING to +0 orcbow.
  9338 | D:9      | 9338 ||| INVOKING Spit Poison.
  9346 | D:9      | 9346 ||| DROPPING +2 shortbow of draining.
  9347 | D:9      | 9347 ||| INVOKING Heroism.
  9350 | D:9      | 9350 ||| INVOKING Spit Poison.
  9354 | D:9      | 9354 ||| INVOKING Spit Poison.
  9358 | D:9      | 9358 ||| INVOKING Spit Poison.
  9368 | D:9      | 9368 ||| INVOKING Spit Poison.
  9374 | D:9      | 9374 ||| INVOKING Spit Poison.
  9378 | D:9      | 9378 ||| INVOKING Spit Poison.
  9405 | D:9      | Found a staircase to the Orcish Mines.
  9408 | D:9      | 9408 ||| INVOKING Spit Poison.
  9438 | D:9      | 9438 ||| INVOKING Spit Poison.
  9459 | D:9      | Reached skill level 12 in Ranged Weapons
  9459 | D:9      | Identified the +3 plate armour of Cutoijek {rF+}
  9521 | D:9      | Found a hide-covered altar of Uskayaw.
  9526 | D:9      | 9526 ||| INVOKING Spit Poison.
  9533 | D:9      | 9533 ||| INVOKING Spit Poison.
  9595 | D:9      | 9595 ||| DRINKING 2 glowing blue potions.
  9598 | D:9      | 9598 ||| INVOKING Heroism.
  9599 | D:9      | 9599 ||| INVOKING Spit Poison.
  9605 | D:9      | 9605 ||| INVOKING Spit Poison.
  9615 | D:9      | 9615 ||| INVOKING Spit Poison.
  9621 | D:9      | HP: 21/103 [orc warrior/+0 short sword (7)]
  9623 | D:9      | 9623 ||| INVOKING Spit Poison.
  9629 | D:9      | HP: 11/103 [orc priest/divine providence (15)]
  9632 | D:9      | 9632 ||| INVOKING Heroism.
  9633 | D:9      | 9633 ||| INVOKING Spit Poison.
  9634 | D:9      | HP: 7/103 [poisoned by a killer bee]
  9634 | D:9      | Killed from afar by an orc priest

Levels and vault maps discovered:
D:1:      lightli_arrival_lavapool, layout_basic
D:2:      wander_river, layout_basic, basic_altar, serial_shops, shop,
          nicolae_shop_waterfront, shop, nicolae_diamond_shop,
          minmay_misc_feat_secret_circle, chequers_serial_rivers_micro_a,
          minmay_snake_closets
D:3:      layout_basic, lemuel_doored_altar, jmf_multi_god_temple,
          mainiacjoe_overflow_brackets, grunt_temple_overflow_open,
          serial_shops, shop, gammafunk_ghost_nasty_kobolds, minmay_liquid_box
D:4:      layout_rooms, minmay_temple_entry_offerings
D:5:      layout_basic, nzn_hepliaklqana_mist_gate, kennysheep_generic_room_12,
          uniq_blork_the_orc
D:6:      layout_loops_corners, nicolae_specific_store, serial_bayou_pond_a,
          grunt_decor_one_mirror, due_unseen_surprise
D:7:      layout_rooms, grunt_dithmenos_shadows, uniq_duvessa, uniq_pikel
D:8:      due_megacathedral, layout_gridville, nicolae_qazlal_general_emergency,
          minmay_fractal_squares_diagonal_5, uniq_maggie, uniq_prince_ribbit1,
          uniq_joseph
D:9:      layout_gridville, lemuel_crystal_altar, hiddenorc1_lemuel,
          serial_shops, nicolae_shop_peninsula, minmay_mirror_moons_of_madness,
          uniq_erica
Temple:   zaba_magenta_temple

Skill      XL: |  1  2  3  4  5  6  7  8  9 10 11 |
---------------+----------------------------------+-----
Ranged Weapons | 4 5 6 7 9 10 11 12 | 12.1
Fighting       | 3 4 5 7 8 |  8.0
Dodging        | 2 4 |  4.0
Invocations    | 4 6 7 |  7.9
Armour         | 1 2 |  2.0
Stealth        | |  1.5

Action                     |  1- 3 |  4- 6 |  7- 9 | 10-12 || total
---------------------------+-------+-------+-------+-------++-------
   Fire: Shortbow          |    40 |   112 |   341 |   298 ||   791
         Orcbow            |       |       |       |   102 ||   102
 Invoke: Heroism           |       |       |    11 |     7 ||    18
Ability: Spit Poison       |    12 |    46 |    55 |    62 ||   175
    Use: Scroll            |     5 |     6 |     6 |     2 ||    19
         Potion            |       |     2 |     5 |     1 ||     8
 Armour: Leather armour    |     4 |    21 |    57 |   103 ||   185
         Troll leather arm |       |       |       |    32 ||    32
  Dodge: Dodged            |     3 |    82 |   202 |   436 ||   723

Table legend:
 A = Non-vault XP
 B = Vault XP
 C = Vault XP percentage of total XP
 D = Non-vault monster count
 E = Vault monster count
 F = Vault count percentage of total count
                 A         B        C        D         E       F
            +---------+---------+-------+---------+---------+-------
      Total |    7682 |    4477 |  36.8 |     254 |      54 |  17.5
            +---------+---------+-------+---------+---------+-------
        D:1 |      32 |       0 |   0.0 |      18 |       0 |   0.0
        D:2 |      65 |      78 |  54.5 |      19 |      13 |  40.6
        D:3 |     207 |      19 |   8.4 |      23 |       2 |   8.0
        D:4 |     228 |       0 |   0.0 |      23 |       0 |   0.0
        D:5 |     139 |     104 |  42.8 |      14 |       2 |  12.5
        D:6 |     706 |       0 |   0.0 |      17 |       0 |   0.0
        D:7 |    1692 |     889 |  34.4 |      27 |       4 |  12.9
        D:8 |    2972 |    3109 |  51.1 |      95 |      15 |  13.6
        D:9 |    1641 |     278 |  14.5 |      18 |      18 |  50.0
            +---------+---------+-------+---------+---------+-------
